 Dungeon Crawl Stone Soup version 0.21.1-1-g345015f (webtiles) character file.

71033 troglodite the Blocker (level 14, -5/111 HPs)
             Began as a Demonspawn Berserker on Mar 29, 2018.
             Was an Elder of Trog.
             Slain by a merfolk impaler
             ... wielding a +4 trident of piercing
              (8 damage)
             ... on level 1 of the Shoals on Mar 30, 2018.
             The game lasted 01:40:25 (30635 turns).

troglodite the Blocker (Demonspawn Berserker)      Turns: 30635, Time: 01:40:26

Health: -5/111     AC: 26    Str: 17    XL:     14   Next: 96%
Magic:  14/14      EV: 12    Int:  9    God:    Trog [****..]
Gold:   959        SH: 19    Dex: 18    Spells: 13/13 levels left

rFire    . . .     SeeInvis +   n - +2 demon trident (elec)
rCold    . . .     Gourm    .   F - +0 large shield
rNeg     . . .     Faith    .   e - +1 plate armour of Siptikok {rElec}
rPois    +         Spirit   .   (helmet unavailable)
rElec    +         Reflect  .   E - +0 cloak
rCorr    .         Harm     .   Q - +1 pair of gloves (curse)
MR       +....     Rnd*Rage +   q - +2 pair of boots
Stlth    ..........             (no amulet)
HPRegen  0.28/turn              w - ring of poison resistance
MPRegen  0.14/turn              o - +3 ring of evasion

@: berserk cooldown, slowed, very slow
A: antennae 3, molten scales 2, berserk 1, powered by pain 2
a: Berserk, Trog's Hand, Brothers in Arms, Burn Spellbooks, Renounce Religion


You were on level 1 of the Shoals.
You worshipped Trog.
Trog was greatly pleased with you.
You were very hungry.

You visited 4 branches of the dungeon, and saw 21 of its levels.

You collected 2143 gold pieces.
You spent 1184 gold pieces at shops.

Inventory:

Hand Weapons
 a - a +0 falchion
 h - a +3 long sword of slicing
 l - a +4 dagger of flaming
 n - a +2 demon trident of electrocution (weapon)
Armour
 e - the +1 plate armour of Siptikok (worn) {rElec}
   (You bought it in a shop on level 2 of the Orcish Mines)

   It insulates you from electricity.
 p - a +2 chain mail of fire resistance
 q - a +2 pair of boots (worn)
 E - a +0 cloak (worn)
 F - a +0 large shield (worn)
 Q - a cursed +1 pair of gloves (worn)
 S - a +0 plate armour of cold resistance
Jewellery
 o - a +3 ring of evasion (right hand)
 t - an uncursed ring of protection from fire
 u - an uncursed ring of protection from cold
 w - a ring of poison resistance (left hand)
 H - an uncursed ring of stealth
 I - an uncursed ring of protection from fire
 N - an uncursed ring of ice
Wands
 s - a wand of scattershot (6)
 y - a wand of disintegration (13)
 B - a wand of enslavement (43)
 D - a wand of polymorph (35)
 J - a wand of digging (32)
 K - a wand of random effects (59)
Scrolls
 g - 2 scrolls of remove curse
 k - 4 scrolls of fog
 r - 3 scrolls of teleportation
 M - 3 scrolls of fear
Potions
 b - 4 potions of agility
 d - 2 potions of mutation
 f - 6 potions of curing
 i - 4 potions of brilliance
 j - 5 potions of berserk rage
 m - 2 potions of cancellation
 z - 5 potions of might
 A - 2 potions of heal wounds
 C - a potion of flight
 G - 2 potions of lignification
 L - a potion of magic
 O - a potion of invisibility
 P - a potion of ambrosia {unknown}
 T - 2 potions of haste
Books
 x - a book of Cantrips

   Spells                             Type                      Level
   a - Confusing Touch                Hexes                        1
   b - Animate Skeleton               Necromancy                   1
   c - Summon Small Mammal            Summoning                    1
   d - Apportation                    Translocation                1
   Trog disapproves of the use of such an item.
Comestibles
 c - 19 rations


   Skills:
 * Level 10.8 Fighting
 + Level 7.9(8.2) Short Blades
 + Level 3.3(6.1) Long Blades
 + Level 6.3 Polearms
 * Level 11.5 Armour
 * Level 9.8 Dodging
 + Level 2.1 Stealth
 * Level 13.6 Shields
 + Level 0.4 Evocations


You had 13 spell levels left.
You didn't know any spells.

Dungeon Overview and Level Annotations

Branches:
Dungeon (12/15)            Temple (0/1) D:7            Lair (6/6) D:10
 Shoals (1/4) Lair:2        Snake (0/4) Lair:2        Slime (0/5) Lair:5
    Orc (2/2) D:11            Elf (0/3) Orc:2

Altars:
Gozag
Kikubaaqudgha
Nemelex Xobeh
Qazlal
Trog
Uskayaw
Vehumet
Jiyva

Shops:
Orc:2 }}[%%

Portals:
Pandemonium: Orc:2


Innate Abilities, Weirdness & Mutations

You have a pair of large antennae on your head. (SInv)
You are mostly covered in molten scales. (AC +3)
You sometimes gain power by taking damage.
You tend to lose your temper in combat.


Message History

Things that are here:
a harpy corpse x2
You hear the faint crackling of a distant melting archway.
You block the merfolk impaler's attack.
The merfolk impaler hits you from afar with a trident of piercing.
* * * LOW HITPOINT WARNING * * *
x2 You block the merfolk impaler's attack.
The merfolk impaler hits you from afar with a trident of piercing!
* * * LOW HITPOINT WARNING * * *
x2 You block the merfolk impaler's attack. x2
The merfolk impaler hits you from afar with a trident of piercing!
* * * LOW HITPOINT WARNING * * *
x2 You block the merfolk impaler's attack.
You enter the shallow water.
Moving in this stuff is going to be slow.
You block the merfolk impaler's attack.
The merfolk impaler hits you but does no damage.
Found a metal-bound book.
The merfolk impaler hits you from afar with a trident of piercing!
You die...

≈≈≈≈≈≈≈≈≈≈..≈≈≈≈
≈......≈≈†#
≈.###..≈≈.# ≈≈≈
#..≈†≈###.≈≈≈≈
##..≈.....≈≈≈≈
##<..###..≈≈≈
##[m.##..≈≈≈
#..≈....≈≈≈
#..@....≈≈≈
#..≈>..≈≈≈≈≈
#...#.≈≈.≈≈≈≈≈≈
##..[.≈≈≈≈≈≈≈..
#.≈≈≈≈≈≈≈≈≈≈.:
#..≈≈≈≈≈≈≈....
.....≈≈≈≈≈≈≈.##
≈≈≈≈≈≈≈≈≈≈≈≈..


You could see a merfolk impaler.

Vanquished Creatures
  Erolcha (D:10)
  3 two-headed ogres
  7 hydras
  3 death yaks (Lair:5)
  The ghost of Ratty the Fighter, a novice CeMo of Okawaru (D:7)
  7 orc high priests (Orc:2)
  Nergalle (Lair:6)
  A sun demon (Orc:2)
  A sea snake (Shoals:1)
  2 torturous demonspawn (Orc:2)
  Pikel (D:7)
  3 harpies (Shoals:1)
  8 orc knights (Orc:2)
  2 oklob plants (Lair:5)
  2 cyclopes
  An ugly thing (D:11)
  4 elephants (Lair:6)
  3 orc sorcerers (Orc:2)
  Maurice (D:11)
  2 black mambas
  Psyche (D:8)
  Joseph (D:7)
  A guardian serpent (D:11)
  2 orange demons (Orc:2)
  30 spiny frogs
  A kobold demonologist (D:11)
  7 komodo dragons
  3 tyrant leeches (Lair:6)
  6 polar bears (Lair:3)
  5 trolls
  A wind drake (Shoals:1)
  A hornet (Lair:3)
  5 dream sheep
  20 blink frogs
  6 hippogriffs
  Sigmund (D:6)
  12 yaks
  A wraith (D:11)
  2 basilisks
  A human (D:7)
  2 wyverns
  4 hogs (D:7)
  3 hungry ghosts (D:11)
  6 vampire mosquitoes
  A naga (Lair:2)
  6 wargs
  An acid dragon (D:10)
  13 water moccasins
  5 porcupines
  19 orc warriors
  4 sky beasts
  10 black bears
  2 ice beasts
  19 wolves
  7 ogres
  5 centaurs
  10 crocodiles
  26 bullfrogs
  4 big kobolds
  A wyvern zombie (D:10)
  A wyvern skeleton (D:6)
  4 scorpions
  3 wights (D:11)
  2 electric eels (Lair:6)
  2 howler monkeys (D:8)
  2 crimson imps
  3 bullfrog zombies
  7 hounds
  2 quasits
  17 orc priests
  3 jellies
  2 iguanas
  20 orc wizards
  Crazy Yiuf (D:7)
  7 worker ants
  A hound zombie (D:10)
  2 hound skeletons (D:10)
  A worker ant zombie (D:5)
  10 adders
  9 gnolls
  3 shadow imps
  3 oozes
  An adder zombie (D:5)
  2 worms (D:4)
  3 dart slugs
  2 leopard geckos (D:3)
  55 orcs
  7 giant cockroaches
  7 goblins
  6 hobgoblins
  4 jackals (D:11)
  27 kobolds
  5 quokkas
  A ball python (D:2)
  5 bats
  2 frilled lizards
  A jackal skeleton (D:5)
  A leopard gecko zombie (D:5)
  A quokka zombie (D:6)
  16 rats
  A bush (D:11)
  2 fungi
  A plant (Lair:6)
564 creatures vanquished.

Vanquished Creatures (collateral kills)
  2 death yaks (Lair:6)
  2 orc high priests (Orc:2)
  A soul eater (Orc:2)
  4 orc knights (Orc:2)
  2 oklob plants (Lair:5)
  An orc sorcerer (Orc:2)
  A smoke demon (Orc:2)
  2 hellwings (Orc:2)
  A hornet (D:8)
  4 yaks (Lair:6)
  A warg (Orc:2)
  2 black bears (Lair:3)
  7 orc warriors (Orc:2)
  An ogre (Orc:2)
  A crocodile (Lair:3)
  A bullfrog (Lair:6)
  8 orc priests (Orc:2)
  A jelly (D:8)
  4 orcs (Orc:2)
  A plant (Lair:5)
47 creatures vanquished.

Vanquished Creatures (others)
  A slave (D:7)
  An orc wizard (D:6)
  A shadow imp (D:7)
  An orc (Orc:2)
  21 fungi
  69 plants
94 creatures vanquished.

Grand Total: 705 creatures vanquished

Notes
Turn   | Place    | Note
-------+----------+-------------------------------------------
     0 | D:1      | troglodite the Demonspawn Berserker began the quest for the Orb.
     0 | D:1      | Reached XP level 1. HP: 18/18 MP: 1/1
    86 | D:1      | Gained mutation: You are partially covered in molten scales. (AC +2) [demonic ancestry]
    86 | D:1      | Reached XP level 2. HP: 18/24 MP: 2/2
   903 | D:2      | Reached ** piety under Trog
   908 | D:2      | Gained mutation: You have a pair of small antennae on your head. [demonic ancestry]
   908 | D:2      | Reached XP level 3. HP: 24/29 MP: 3/3
   951 | D:2      | Found a radiant altar of Vehumet.
  1841 | D:3      | Reached XP level 4. HP: 28/37 MP: 4/4
  1853 | D:3      | Gained mutation: You have a pair of antennae on your head. [demonic ancestry]
  1853 | D:3      | Reached XP level 5. HP: 20/42 MP: 5/5
  2460 | D:3      | Reached skill level 1 in Shields
  2470 | D:3      | Found a bloodstained altar of Trog.
  2609 | D:3      | Reached *** piety under Trog
  2876 | D:4      | Found a stormy altar of Qazlal.
  3184 | D:4      | Reached skill level 1 in Short Blades
  3188 | D:4      | Reached XP level 6. HP: 48/48 MP: 6/6
  3651 | D:5      | Entered Level 5 of the Dungeon
  3919 | D:5      | Reached XP level 7. HP: 54/54 MP: 7/7
  4600 | D:6      | Reached skill level 2 in Shields
  4661 | D:6      | Noticed Sigmund
  4677 | D:6      | Killed Sigmund
  4835 | D:6      | Reached XP level 8. HP: 61/61 MP: 8/8
  4894 | D:6      | Reached **** piety under Trog
  5117 | D:6      | Reached skill level 5 in Armour
  5137 | D:6      | Received a gift from Trog
  5184 | D:6      | Found an ancient bone altar of Kikubaaqudgha.
  5357 | D:7      | Found a staircase to the Ecumenical Temple.
  5357 | D:7      | Noticed Joseph
  5368 | D:7      | Killed Joseph
  5368 | D:7      | Reached skill level 5 in Fighting
  5368 | D:7      | Reached skill level 3 in Shields
  5545 | D:7      | Reached skill level 5 in Short Blades
  5622 | D:7      | Found an opulent altar of Gozag.
  5634 | D:7      | Noticed Pikel
  5646 | D:7      | Killed Pikel
  5646 | D:7      | Gained mutation: You have a pair of large antennae on your head. (SInv) [demonic ancestry]
  5646 | D:7      | Reached XP level 9. HP: 68/68 MP: 9/9
  5760 | D:7      | Reached skill level 5 in Dodging
  6109 | D:7      | Noticed Ratty's ghost (novice CeMo)
  6125 | D:7      | Killed Ratty's ghost
  6125 | D:7      | Reached skill level 4 in Shields
  6379 | D:7      | Found a hide-covered altar of Uskayaw.
  6736 | D:7      | Found a runed door.
  6740 | D:7      | Noticed Crazy Yiuf
  6743 | D:7      | Killed Crazy Yiuf
  7069 | D:8      | Noticed a two-headed ogre
  7079 | D:8      | Reached skill level 1 in Stealth
  7079 | D:8      | Reached XP level 10. HP: 77/77 MP: 10/10
  7082 | D:8      | Killed a two-headed ogre
  7506 | D:8      | Reached skill level 5 in Shields
  7551 | D:8      | Noticed Psyche
  7566 | D:8      | Killed Psyche
  7612 | D:8      | Found a sparkling altar of Nemelex Xobeh.
  8806 | D:10     | Entered Level 10 of the Dungeon
  9476 | D:10     | Found a staircase to the Lair.
  9508 | D:10     | Reached skill level 6 in Shields
  9723 | D:10     | Noticed Erolcha
  9737 | D:10     | Killed Erolcha
  9737 | D:10     | Reached XP level 11. HP: 84/84 MP: 11/11
  9830 | D:11     | Noticed a white ugly thing
  9839 | D:11     | Killed a white ugly thing
  9874 | D:11     | Noticed a two-headed ogre
  9895 | D:11     | Killed a two-headed ogre
  9895 | D:11     | Reached skill level 7 in Shields
  9947 | D:11     | Noticed a two-headed ogre
  9965 | D:11     | Killed a two-headed ogre
 10295 | D:11     | Found a staircase to the Orcish Mines.
 10298 | D:11     | Noticed Maurice
 10319 | D:11     | Killed Maurice
 10321 | D:11     | Reached ***** piety under Trog
 10461 | D:11     | Found a bloodstained altar of Trog.
 10843 | D:11     | Reached skill level 8 in Shields
 10844 | D:11     | HP: 6/129 [poisoned by a guardian serpent (bolt of poison)]
 12221 | Orc:1    | Entered Level 1 of the Orcish Mines
 12696 | Orc:2    | Entered Level 2 of the Orcish Mines
 13088 | Orc:1    | Reached skill level 9 in Shields
 14370 | Orc:2    | Noticed an orc knight
 14373 | Orc:2    | Noticed an orc knight
 14376 | Orc:2    | Noticed an orc sorcerer
 14380 | Orc:2    | Noticed an orc knight
 14380 | Orc:2    | Gained mutation: You sometimes gain a little power by taking damage. [demonic ancestry]
 14380 | Orc:2    | Reached XP level 12. HP: 94/94 MP: 12/12
 14809 | Orc:2    | Found Zobb's Gadget Shoppe.
 15433 | Orc:2    | Reached skill level 10 in Shields
 15886 | Orc:2    | Found a staircase to the Elven Halls.
 16277 | Orc:2    | Received a gift from Trog
 16900 | Orc:2    | Found Oqy Do Imi's Food Shop.
 16907 | Orc:2    | Found Radwaw's Food Boutique.
 16939 | Orc:2    | Noticed an orc high priest
 16950 | Orc:2    | Killed an orc high priest
 16950 | Orc:2    | Reached skill level 10 in Armour
 17220 | Orc:2    | Noticed an orc high priest
 17228 | Orc:2    | Noticed an orc high priest
 17839 | Orc:2    | Reached skill level 11 in Shields
 18009 | Orc:2    | Noticed an orc high priest
 18015 | Orc:2    | Killed an orc high priest
 18022 | Orc:2    | Killed an orc high priest
 18396 | Orc:2    | Killed an orc high priest
 18620 | Orc:2    | Noticed an orc high priest
 18632 | Orc:2    | Noticed an orc high priest
 18637 | Orc:2    | Killed an orc high priest
 18637 | Orc:2    | Gained mutation: You are mostly covered in molten scales. (AC +3) [demonic ancestry]
 18637 | Orc:2    | Reached XP level 13. HP: 101/101 MP: 13/13
 19510 | Orc:2    | Found Elioprod's Antique Armour Shoppe.
 19510 | Orc:2    | Found Goliet's Gadget Emporium.
 19514 | Orc:2    | Gained mutation: You tend to lose your temper in combat. [a neqoxec]
 19517 | Orc:2    | Reached skill level 1 in Polearms
 19518 | Orc:2    | Found a one-way gate leading to the halls of Pandemonium.
 19535 | Orc:2    | Bought a garnet-encrusted plate armour for 896 gold pieces
 19545 | Orc:2    | Identified the cursed +1 plate armour of Siptikok {rElec} (You bought it in a shop on level 2 of the Orcish Mines)
 19545 | Orc:2    | Bought a steaming ring mail for 288 gold pieces
 19799 | Lair:1   | Entered Level 1 of the Lair of Beasts
 21184 | Lair:1   | Identified the cursed +0 ring mail of the Demon Prince {*Corrode rN+ Str+2 SInv} (You bought it in a shop on level 2 of the Orcish Mines)
 21454 | Lair:2   | Reached skill level 12 in Shields
 21957 | Lair:2   | Found a staircase to the Snake Pit.
 22408 | Lair:2   | Found a staircase to the Shoals.
 23016 | Lair:3   | Noticed Nergalle
 23340 | Lair:3   | Reached skill level 10 in Fighting
 25102 | Lair:5   | Found a staircase to the Slime Pits.
 25102 | Lair:5   | Found a viscous altar of Jiyva.
 25232 | Lair:5   | Gained mutation: You sometimes gain power by taking damage. [demonic ancestry]
 25232 | Lair:5   | Reached XP level 14. HP: 109/110 MP: 14/14
 26623 | Lair:6   | Entered Level 6 of the Lair of Beasts
 27300 | Lair:5   | Reached skill level 5 in Polearms
 27446 | Lair:6   | Reached skill level 13 in Shields
 28303 | Lair:6   | Killed Nergalle
 30584 | Shoals:1 | Entered Level 1 of the Shoals
 30632 | Shoals:1 | HP: 2/111 [merfolk impaler/trident of piercing (8)]
 30635 | Shoals:1 | Slain by a merfolk impaler

Skill      XL: |  1  2  3  4  5  6  7  8  9 10 11 12 13 14 |
---------------+-------------------------------------------+-----
Dodging        | 2 3 4 5 6 7 8 9 |  9.8
Long Blades    | 3 |  3.3
Armour         | 2 3 4 6 7 8 9 10 11 | 11.5
Fighting       | 4 5 6 7 8 9 10 | 10.8
Shields        | 1 2 3 4 6 9 11 12 13 | 13.6
Short Blades   | 1 2 4 5 6 7 |  7.9
Stealth        | 1 2 |  2.1
Polearms       | 4 6 |  6.3
Evocations     | |  0.4

Action                   |  1- 3 |  4- 6 |  7- 9 | 10-12 | 13-15 || total
-------------------------+-------+-------+-------+-------+-------++-------
Melee: Falchion          |    95 |       |       |       |       ||    95
       Dagger            |    50 |   182 |   440 |  1609 |    15 ||  2296
       Demon trident     |       |       |       |       |  1182 ||  1182
       Long sword        |       |       |       |       |     1 ||     1
Invok: Berserk           |     3 |     3 |     9 |    37 |    24 ||    76
       Burn Spellbooks   |       |       |     1 |       |       ||     1
       Brothers in Arms  |       |       |       |    11 |     7 ||    18
       Trog's Hand       |       |       |       |     1 |     1 ||     2
Evoke: Wand              |       |       |       |       |     1 ||     1
  Use: Scroll            |       |     4 |     1 |    17 |    17 ||    39
       Potion            |       |     1 |       |     4 |     3 ||     8
 Stab: Distracted        |       |       |       |     1 |     1 ||     2
       Sleeping          |       |       |       |       |     2 ||     2
  Eat: Chunk             |     5 |    11 |    14 |    51 |    32 ||   113
       Ration            |       |       |     1 |    10 |    10 ||    21
Armor: Scale mail        |    69 |    67 |   143 |   205 |       ||   484
       Plate armour      |       |       |       |   274 |   481 ||   755
       Chain mail        |       |       |       |     8 |    43 ||    51
       Skin              |       |       |       |     4 |       ||     4
       Ring mail         |       |       |       |       |   131 ||   131
Dodge: Dodged            |    93 |    73 |   167 |   375 |   738 ||  1446
Block: Buckler           |     5 |    25 |    72 |    59 |       ||   161
       Large shield      |       |       |       |   944 |  1665 ||  2609
       Rpst.: Falchion   |    20 |       |       |       |       ||    20
